 Dungeon Crawl Stone Soup version 0.27-a0-1051-g288ea87c7c (webtiles) character file.

Game seed: 14191226933934345696

2611 ridjack the Basher (level 9, -17/81 HPs)
             Began as a Minotaur Fighter on Apr 20, 2021.
             Was a Believer of Nemelex Xobeh.
             Demolished by a death knight
             ... wielding a +2 halberd
              (27 damage)
             ... on level 7 of the Dungeon.
             The game lasted 00:36:45 (6251 turns).

ridjack the Basher (Minotaur Fighter)               Turns: 6251, Time: 00:36:49

Health: -17/81     AC: 12    Str: 24    XL:     9   Next: 34%
Magic:  8/8        EV:  8    Int:  5    God:    Nemelex Xobeh [**....]
Gold:   288        SH:  5    Dex: 16    Spells: 8/8 levels left

rFire    . . .     SeeInvis .   K - +0 great mace
rCold    . . .     Faith    .   (shield currently unavailable)
rNeg     . . .     Spirit   .   k - +0 chain mail
rPois    .         Reflect  +   (helmet restricted)
rElec    .         Harm     .   I - +0 cloak
rCorr    .         Rampage  .   (no gloves)
Will     .....                  (no boots)
Stlth    ..........             x - amulet of reflection
HPRegen  0.23/turn              Q - +6 ring of dexterity
MPRegen  0.11/turn              R - +4 ring of slaying

@: no status effects
A: horns 2, retaliatory headbutt
a: Renounce Religion, Draw Escape, Draw Destruction, Draw Summoning


You were on level 7 of the Dungeon.
You worshipped Nemelex Xobeh.
Nemelex Xobeh was pleased with you.
You visited 1 branch of the dungeon, and saw 7 of its levels.

You collected 288 gold pieces.

Inventory:

Hand Weapons
 a - a +0 flail
 e - a +2 dagger of venom
 m - a +2 dagger of protection
 p - a +0 spectral club
 r - a +0 hunting sling
 t - a +0 battleaxe of pain
 K - a +0 great mace (weapon)
Missiles
 z - 8 atropa-tipped darts (quivered)
 C - 8 silver javelins
 H - 28 poisoned darts
Armour
 c - a +0 kite shield
 k - a +0 chain mail (worn)
 I - a +0 cloak (worn)
Magical Staves
 G - a staff of poison
Jewellery
 l - an amulet of guardian spirit
 x - an amulet of reflection (around neck)
 F - an amulet of guardian spirit
 J - a ring of positive energy
 M - a ring of resist corrosion
 Q - a +6 ring of dexterity (left hand)
 R - a +4 ring of slaying (right hand)
Wands
 q - a wand of charming (11)
 O - a wand of iceblast (6)
Scrolls
 g - 5 scrolls of teleportation {unknown}
 h - 2 scrolls of enchant armour {unknown}
 v - 2 scrolls of vulnerability {unknown}
 w - a scroll of brand weapon {unknown}
 y - a scroll of fog {unknown}
 A - 3 scrolls of identify
 B - a scroll of immolation {unknown}
 D - a scroll of torment {unknown}
 E - 2 scrolls of noise {unknown}
 N - a scroll of fear {unknown}
 P - a scroll of silence {unknown}
 S - a scroll of amnesia {unknown}
Potions
 b - a potion of resistance
 d - a potion of might
 i - a potion of brilliance
 j - a potion of lignification {unknown}
 n - 2 potions of haste
 o - a potion of heal wounds {unknown}
 s - a potion of flight {unknown}
 u - a potion of berserk rage
 L - a potion of ambrosia {unknown}
 T - a potion of mutation {unknown}


   Skills:
 + Level 7.9 Fighting
 * Level 10.0 Maces & Flails
 + Level 7.9 Armour
 - Level 0.7 Dodging
 - Level 7.1 Shields


You had 8 spell levels left.
You didn't know any spells.
Your spell library contained the following spells:

 Spells                   Type           Power      Damage    Failure   Level
 Corona                   Hex            0%         N/A       97%         1
 Magic Dart               Conj           0%         1d3       97%         1
 Shock                    Conj/Air       0%         1d3       97%         1
 Blink                    Tloc           N/A        N/A       99%         2
 Call Imp                 Summ           0%         N/A       99%         2
 Searing Ray              Conj           0%         3d3       99%         2
 Slow                     Hex            0%         N/A       99%         2
 Static Discharge         Conj/Air       0%         N/A       99%         2
 Conjure Flame            Conj/Fire      0%         6-21      100%        3
 Dazzling Flash           Conj/Hex       0%         N/A       100%        3
 Inner Flame              Hex/Fire       0%         N/A       100%        3
 Mephitic Cloud           Conj/Pois/Air  0%         N/A       100%        3
 Portal Projectile        Hex/Tloc       0%         N/A       100%        3
 Swiftness                Air            0%         N/A       100%        3
 Airstrike                Air            0%         N/A       100%        4
 Cause Fear               Hex            0%         N/A       100%        4
 Fulminant Prism          Conj/Hex       0%         3d6       100%        4
 Iskenderun's Mystic Bla  Conj/Tloc      0%         2d3       100%        4
 Leda's Liquefaction      Hex/Erth       0%         N/A       100%        4
 Lightning Bolt           Conj/Air       0%         1d11      100%        5


Dungeon Overview and Level Annotations

Branches:
Dungeon (7/15)             Temple (0/1) D:4

Altars:
Ashenzari
Nemelex Xobeh
Qazlal
Ru
Sif Muna
Zin


Innate Abilities, Weirdness & Mutations

You have a pair of horns on your head.
You reflexively headbutt those who attack you in melee.


Message History

The howler monkey is severely wounded.
The howler monkey hits you.
You sock the howler monkey!
You kill the howler monkey!
A death knight comes into view. It is wielding a +2 halberd.
You see here a +0 arbalest.
You start resting.
A skeletal warrior is nearby!
The death knight offers itself to Yredelemnul, and fills with unholy energy.
There are monsters nearby!
The death knight hits you from afar with a +2 halberd!!
A freezing wraith comes into view.
The death knight invokes the aid of Yredelemnul against you.
Your body is wracked with pain!
You feel better. You block the death knight's attack.
You hit the death knight.
The death knight is lightly wounded.
The death knight reflects your damage back at you!
A wraith comes into view.
You block the death knight's attack.
A wraith comes into view.
You hit the death knight but do no damage.
The death knight is lightly wounded.
The death knight hits you with a +2 halberd!
* * * LOW HITPOINT WARNING * * *
You draw a card...
You have drawn Velocity.
Nothing appears to happen.
The deck of cards glows with a rainbow of weird colours and disappears.
You block the death knight's attack.
You feel better.
The death knight hits you with a +2 halberd!!
* * * LOW HITPOINT WARNING * * *
The death knight's dark mirror aura disappears.
The death knight hits you but does no damage.
Aiming: Charm
Press: ? - help, Shift-Dir - straight line, f - death knight
Aim: a death knight, wielding a +2 halberd and wearing a +0 chain mail (chance to affect: 6%)
The death knight resists with almost no effort.
The death knight hits you from afar with a +2 halberd!!
You die...
Your body disappears without a glow.

..>.##....##.# #.#.......##
..........##.# #.#..#######
....#.#####.#####+#..#######
.z..#.# #................#
#.#.#.# #.........######<#
#.#.#.# #..............#.#
######.#.#.# #..............#.#
.......).#.#####........#######.#
.........†WWWzp.@.......# #.#
........##.######...<...# #..
...........# ###...### #..
........#### #...# #.. ........#
#...# #.. .......(# +...+ #.#
........# #...# #.# ........#
#...# #.# ######### #...# #.#


You could see a death knight, a skeletal warrior, a freezing wraith and 2
wraiths.

Vanquished Creatures
  A steam dragon (D:7)
  Menkaure (D:6)
  2 water moccasins
  3 ice beasts
  A sky beast (D:7)
  A black bear (D:6)
  2 ogres (D:4)
  4 necrophages
  A kobold brigand (D:6)
  2 bullfrogs
  4 scorpions
  A howler monkey (D:7)
  A centaur zombie (D:7)
  2 centaur skeletons (D:7)
  4 hounds
  A jelly (D:4)
  Jessica (D:3)
  2 iguanas
  Terence (D:3)
  4 orc wizards (D:7)
  2 killer bee zombies (D:7)
  A hound zombie (D:5)
  4 adders
  2 howler monkey skeletons
  A shadow imp (D:7)
  A white imp (D:5)
  4 worms
  A dart slug (D:4)
  3 orcs (D:7)
  9 endoplasms
  4 giant cockroaches
  10 goblins
  5 hobgoblins
  3 jackals (D:3)
  A quokka (D:4)
  8 ball pythons
  6 bats
  5 frilled lizards
  6 kobolds
  2 rats
117 creatures vanquished.

Vanquished Creatures (collateral kills)
  Duvessa (D:5)
  Dowan (D:5)
2 creatures vanquished.

Vanquished Creatures (others)
  2 kobolds (D:6)
  2 fungi (D:4)
4 creatures vanquished.

Grand Total: 123 creatures vanquished

Notes
Turn   | Place    | Note
-------+----------+-------------------------------------------
     0 | D:1      | ridjack the Minotaur Fighter began the quest for the Orb.
     0 | D:1      | Reached XP level 1. HP: 19/19 MP: 0/0
   249 | D:1      | Found a faded altar of an unknown god.
   264 | D:1      | Reached XP level 2. HP: 14/27 MP: 1/1
   831 | D:2      | Found a glowing silver altar of Zin.
   869 | D:2      | Reached skill level 3 in Maces & Flails
   869 | D:2      | Reached XP level 3. HP: 29/33 MP: 2/2
  1057 | D:2      | Reached XP level 4. HP: 40/40 MP: 3/3
  1755 | D:3      | Noticed Jessica
  1759 | D:3      | Noticed Terence
  1774 | D:3      | Killed Terence
  1780 | D:3      | Killed Jessica
  1781 | D:3      | Reached skill level 4 in Maces & Flails
  1781 | D:3      | Reached XP level 5. HP: 34/47 MP: 4/4
  2224 | D:3      | Found a sacrificial altar of Ru.
  2230 | D:3      | Found a shimmering blue altar of Sif Muna.
  2234 | D:3      | Found a sparkling altar of Nemelex Xobeh.
  2292 | D:3      | Became a worshipper of Nemelex Xobeh the Trickster
  2502 | D:4      | Noticed a necrophage
  2509 | D:4      | Killed a necrophage
  2542 | D:4      | Reached XP level 6. HP: 51/55 MP: 5/5
  2587 | D:4      | Reached skill level 5 in Fighting
  2587 | D:4      | Reached skill level 5 in Maces & Flails
  2587 | D:4      | Reached skill level 5 in Armour
  2587 | D:4      | Reached skill level 5 in Shields
  2869 | D:4      | Reached XP level 7. HP: 40/61 MP: 6/6
  2984 | D:4      | Found a staircase to the Ecumenical Temple.
  3052 | D:4      | Reached skill level 6 in Maces & Flails
  3296 | D:4      | Reached * piety under Nemelex Xobeh
  3661 | D:5      | Entered Level 5 of the Dungeon
  3671 | D:5      | Found a broken altar of Ashenzari.
  3852 | D:5      | Received a gift from Nemelex Xobeh
  4021 | D:5      | Noticed Dowan
  4021 | D:5      | Noticed Duvessa
  4044 | D:5      | Killed Duvessa
  4044 | D:5      | Killed Dowan
  4045 | D:5      | Reached skill level 7 in Maces & Flails
  4070 | D:5      | Reached ** piety under Nemelex Xobeh
  4085 | D:5      | Reached XP level 8. HP: 70/70 MP: 7/7
  4734 | D:6      | Noticed Menkaure
  4738 | D:6      | Killed Menkaure
  4761 | D:6      | Reached skill level 8 in Maces & Flails
  5456 | D:7      | Reached skill level 9 in Maces & Flails
  5558 | D:7      | Reached XP level 9. HP: 79/79 MP: 8/8
  5679 | D:7      | Found a stormy altar of Qazlal.
  6005 | D:7      | Reached skill level 10 in Maces & Flails
  6223 | D:7      | Noticed a skeletal warrior
  6227 | D:7      | Noticed a death knight
  6241 | D:7      | Noticed a freezing wraith
  6251 | D:7      | Demolished by a death knight

Illustrated notes

Levels and vault maps discovered:
D:1:      giann_forest_graveyard, layout_rooms, basic_ecumenical_altar
D:2:      layout_loops_ring, basic_altar, kennysheep_generic_room_5
D:3:      layout_rooms, minmay_overflow_temple_star_quad,
          chequers_serial_rivers_room_b, uniq_jessica, uniq_terence
D:4:      layout_cave_pods, temple_hall, serial_park, serial_park_paths
          [serial_park_minivault_5x5_6], serial_park_avenue1,
          serial_park_tiny_pond, kennysheep_generic_room_11
D:5:      layout_basic, lemuel_round_altar, uniq_duvessa
D:6:      layout_cave_pools, corner_web_ring, uniq_menkaure
D:7:      kennysheep_six_static_rooms, layout_basic, marbit_many_paths

Skill      XL: |  1  2  3  4  5  6  7  8  9 |
---------------+----------------------------+-----
Fighting       | 4 5 6 7 |  7.9
Armour         | 4 5 6 7 |  7.9
Shields        | 4 5 6 7 |  7.1
Maces & Flails | 3 4 5 7 9 10 | 10.0
Dodging        | |  0.7

Action                   |  1- 3 |  4- 6 |  7- 9 || total
-------------------------+-------+-------+-------++-------
Melee: Flail             |    67 |   110 |   124 ||   301
       Headbutt          |     9 |    16 |    33 ||    58
       Great mace        |       |       |    78 ||    78
Invok: Draw Summoning    |       |       |     2 ||     2
       Draw Destruction  |       |       |     4 ||     4
       Draw Escape       |       |       |     1 ||     1
Evoke: Wand              |       |       |     1 ||     1
  Use: Scroll            |       |       |     5 ||     5
       Potion            |       |       |     2 ||     2
Armor: Scale mail        |    22 |       |       ||    22
       Chain mail        |     9 |    51 |    86 ||   146
Dodge: Dodged            |    20 |    27 |    46 ||    93
Block: Kite shield       |    31 |    65 |    91 ||   187
       Reflection        |       |     7 |     4 ||    11
       Other             |       |       |    13 ||    13

Table legend: (Time is in decaauts)
 A = Elapsed time spent in this place.
 B = Non-inter-level travel time spent in this place.
 C = Inter-level travel time spent in this place.
 D = Time resting spent in this place.
 E = Time spent auto-exploring this place.
 F = Levels seen in this place.
 G = Mean time per level.
                   A        B        C        D        E       F      G
               +--------+--------+--------+--------+--------+-----+--------+
         Total |   6368 |   6290 |     78 |    838 |   3813 |   7 |  909.7 |
       Dungeon |   6368 |   6290 |     78 |    838 |   3813 |   7 |  909.7 |
               +--------+--------+--------+--------+--------+-----+--------+

Top non-repeatable levels by time:
     D:4: 1229 daAuts
     D:2: 929 daAuts
     D:7: 928 daAuts
     D:5: 908 daAuts
     D:1: 842 daAuts
     D:6: 781 daAuts
     D:3: 749 daAuts
